 Dungeon Crawl Stone Soup version 0.23-a0-61-g4bf3f6c (webtiles) character file.

4910 Amnesiac the Destroyer (level 10, 0/63 HPs)
             Began as a Mummy Conjurer on Aug 9, 2018.
             Was a High Priest of Sif Muna.
             Slain by a troll (11 damage)
             ... on level 9 of the Dungeon.
             The game lasted 00:16:30 (8935 turns).

Amnesiac the Destroyer (Mummy Conjurer)             Turns: 8935, Time: 00:16:31

Health: 0/63       AC:  4    Str: 11    XL:     10   Next: 27%
Magic:  0/24       EV: 12    Int: 25    God:    Sif Muna [*****.]
Gold:   566        SH:  0    Dex: 12    Spells: 26/30 levels left

rFire    . . .     SeeInvis .   x - +1 great sword (slice) (curse)
rCold    + . .     Gourm    .   (shield currently unavailable)
rNeg     + + +     Faith    .   r - +0 robe
rPois    ∞         Spirit   .   (no helmet)
rElec    .         Reflect  .   (no cloak)
rCorr    .         Harm     .   n - +0 pair of gloves
MR       +....                  l - +0 pair of boots
Stlth    ++........             (no amulet)
HPRegen  0.20/turn              i - +6 ring of intelligence
MPRegen  0.19/turn              q - ring of protection from fire

@: no casting
A: no food or potions, fire vulnerability, cold resistance 1, negative energy
resistance 3, torment resistance, unbreathing
a: Stop Divine Energy, Channel Magic, Forget Spell, Renounce Religion


You were on level 9 of the Dungeon.
You worshipped Sif Muna.
Sif Muna was extremely pleased with you.
You were not hungry.

You visited 2 branches of the dungeon, and saw 10 of its levels.

You collected 566 gold pieces.

Inventory:

Hand Weapons
 a - a +5 flail of draining
 e - a +0 blowgun
 w - a -1 scimitar
 x - a cursed +1 great sword of slicing (weapon)
Missiles
 f - 32 poisoned needles
 o - 4 curare-tipped needles
Armour
 l - a +0 pair of boots (worn)
 m - the cursed +0 helmet of Coronation {Slay+3, unknown}
   (You found it on level 8 of the Dungeon)

   It affects your accuracy and damage with ranged weapons and melee attacks
   (+3).
   It has a curse placed upon it.
 n - a +0 pair of gloves (worn)
 r - a +0 robe (worn)
Jewellery
 i - a +6 ring of intelligence (left hand)
 q - a ring of protection from fire (right hand)
Wands
 g - a wand of paralysis (12)
 h - a wand of polymorph (17)
 j - a wand of flame (12)
Scrolls
 b - a scroll of amnesia {!r}
 c - a scroll of magic mapping {!r}
 d - a scroll of brand weapon {!r, unknown}
 k - 5 scrolls of remove curse {!r}
 p - 2 scrolls of teleportation {!r}
 s - a scroll of enchant armour {!r}
 u - a scroll of vulnerability {!r}


   Skills:
 - Level 1.5 Dodging
 - Level 1.5 Stealth
 - Level 10.8 Spellcasting
 - Level 10.8 Conjurations
 + Level 0.0 Invocations


You had 26 spell levels left.
You knew the following spells:

 Your Spells              Type           Power        Failure   Level  Hunger
a - Iskenderun's Mystic   Conj           ######..     1%          4    N/A

Your spell library contained the following spells:

 Spells                   Type           Power        Failure   Level  Hunger
 Magic Dart               Conj           ####         1%          1    N/A
 Fireball                 Conj/Fire      #####.....   14%         5    N/A
 Conjure Flame            Conj/Fire      #####...     1%          3    N/A
 Confuse                  Hex            ##......     14%         3    N/A
 Throw Flame              Conj/Fire      #####.       1%          2    N/A
 Animate Dead             Necr           N/A          41%         4    N/A
 Sticky Flame             Conj/Fire      #####...     4%          4    N/A
 Confusing Touch          Hex            ##....       4%          1    N/A
 Flame Tongue             Conj/Fire      #####        1%          1    N/A
 Metabolic Englaciation   Hex/Ice        ##........   77%         5    N/A
 Petrify                  Tmut/Erth      ##......     41%         4    N/A
 Inner Flame              Hex/Fire       ##......     14%         3    N/A
 Fulminant Prism          Conj/Hex       #####.....   4%          4    N/A
 Dazzling Spray           Conj/Hex       #####.       1%          3    N/A
 Force Lance              Conj/Tloc      #####...     4%          4    N/A
 Searing Ray              Conj           ######       1%          2    N/A
 Gell's Gravitas          Tloc           ##........   14%         3    N/A
 Yara's Violent Unravell  Hex/Tmut       ##........   77%         5    N/A
 Infestation              Necr           ##........   100%        8    N/A

Dungeon Overview and Level Annotations

Branches:
Dungeon (9/15)             Temple (1/1) D:5
   Lair: D:8-11         Orc: D:9-12

Altars:
Ashenzari
Cheibriados
Dithmenos
Elyvilon
Fedhas
Gozag
Hepliaklqana
Makhleb
Nemelex Xobeh
Okawaru
Qazlal
Ru
Sif Muna
Trog
Uskayaw
Vehumet
Wu Jian
Xom
Yredelemnul
Zin
The Shining One


Innate Abilities, Weirdness & Mutations

You do not eat or drink.
Your flesh is vulnerable to fire.
You are immune to poison.
Your flesh is cold resistant. (rC+)
You are immune to negative energy. (rN+++)
You are immune to unholy pain and torment.
You can survive without breathing.


Message History

An orc comes into view. It is wielding a short sword.
Found a stone staircase leading down.
There are monsters nearby!
There are monsters nearby!
Casting: Iskenderun's Mystic Blast (safe; 1% risk of failure)
Confirm with . or Enter, or press ? or * to list all spells.
Aiming: Iskenderun's Mystic Blast (safe; 1% risk of failure)
Press: ? - help, Shift-Dir - straight line, f - orc
Aim: an orc, wearing a leather armour The orb of energy hits the orc.
You kill the orc!
Sif Muna accepts your kill.
The orc warrior shouts!
Casting: Iskenderun's Mystic Blast (safe; 1% risk of failure)
Confirm with . or Enter, or press ? or * to list all spells.
Aiming: Iskenderun's Mystic Blast (safe; 1% risk of failure)
Press: ? - help, Shift-Dir - straight line, f - troll
Aim: a troll The orb of energy hits the troll.
The troll is moderately wounded.
Casting: Iskenderun's Mystic Blast (safe; 1% risk of failure)
Confirm with . or Enter, or press ? or * to list all spells.
Aiming: Iskenderun's Mystic Blast (safe; 1% risk of failure)
Press: ? - help, Shift-Dir - straight line, f/p - troll
Aim: a troll (moderately wounded)
The orb of energy misses the troll.
Sif Muna grants you divine energy.
You briefly lose access to your magic!
You are unable to access your magic!
You are unable to access your magic!
You are unable to access your magic!
You are unable to access your magic!
Found 11 gold pieces.
You regain access to your magic.
Casting: Iskenderun's Mystic Blast (safe; 1% risk of failure)
Confirm with . or Enter, or press ? or * to list all spells.
Aiming: Iskenderun's Mystic Blast (safe; 1% risk of failure)
Press: ? - help, Shift-Dir - straight line, f/p - troll
Aim: a troll The orb of energy hits the troll.
The troll is severely wounded.
Sif Muna grants you divine energy.
You briefly lose access to your magic!
Unknown command.
You are unable to access your magic!
You are unable to access your magic!
The troll bites you!
* * * LOW HITPOINT WARNING * * *
The troll barely misses you. The troll completely misses you.
You are unable to access your magic!
You regain access to your magic.
Casting: Iskenderun's Mystic Blast (safe; 1% risk of failure)
Confirm with . or Enter, or press ? or * to list all spells.
Aiming: Iskenderun's Mystic Blast (safe; 1% risk of failure)
Press: ? - help, Shift-Dir - straight line, f/p - troll
Aim: a troll (heavily wounded)
The orb of energy hits the troll.
The troll is almost dead.
The orb of energy explodes!
Sif Muna grants you divine energy.
You briefly lose access to your magic!
The troll bites you!
* * * LOW HITPOINT WARNING * * *
The troll claws you!
You die...

##### ##...## ##.....##
#.....@.# #.....T.# #.......#
##.....## ##.....o###
#.........#######
#####...............#######
##............#....#........
##...............o...........


You could see a troll and an orc warrior.

Vanquished Creatures
  A two-headed ogre (D:8)
  The ghost of TheNamelessOne the Chopper, an amateur HuFi (D:4)
  A wyvern (D:7)
  2 wargs
  Edmund (D:6)
  4 orc warriors
  2 sky beasts
  A black bear (D:8)
  A phantom (D:8)
  3 ice beasts
  An ogre (D:4)
  5 centaurs
  A scorpion (D:4)
  2 wyvern skeletons
  4 killer bees (D:7)
  9 wights
  2 electric eels (D:6)
  4 crimson imps
  A bullfrog zombie (D:6)
  A centaur zombie (D:6)
  2 jellies
  2 hounds
  A bullfrog skeleton (D:3)
  7 orc priests
  2 iguanas
  8 orc wizards
  4 worker ants
  A killer bee zombie (D:8)
  A hound zombie (D:5)
  2 hound skeletons (D:7)
  2 worker ant zombies
  12 adders
  2 shadow imps (D:6)
  An ooze (D:6)
  An adder zombie (D:9)
  2 adder skeletons (D:4)
  4 worms
  2 dart slugs (D:1)
  2 leopard geckos
  30 orcs
  2 ball pythons
  3 giant cockroaches
  8 goblins
  5 hobgoblins
  6 jackals
  4 quokkas
  5 bats
  7 frilled lizards
  A jackal skeleton (D:4)
  8 kobolds
  10 rats
194 creatures vanquished.

Vanquished Creatures (others)
  A crimson imp (D:6)
1 creature vanquished.

Grand Total: 195 creatures vanquished

Notes
Turn   | Place    | Note
-------+----------+-------------------------------------------
     0 | D:1      | Amnesiac the Mummy Conjurer began the quest for the Orb.
     0 | D:1      | Reached XP level 1. HP: 13/13 MP: 4/4
   120 | D:2      | Reached XP level 2. HP: 14/19 MP: 1/6
   156 | D:2      | Learned a level 2 spell: Searing Ray
   460 | D:2      | Reached XP level 3. HP: 24/24 MP: 4/8
   822 | D:4      | Found a runed door.
   902 | D:4      | Noticed TheNamelessOne's ghost (amateur HuFi)
   918 | D:4      | Noticed an ogre
   976 | D:4      | Killed an ogre
   976 | D:4      | Reached XP level 4. HP: 7/30 MP: 1/10
   987 | D:4      | Learned a level 4 spell: Iskenderun's Mystic Blast
  1431 | D:4      | Reached XP level 5. HP: 35/35 MP: 6/11
  1676 | D:5      | Entered Level 5 of the Dungeon
  1680 | D:5      | Found a staircase to the Ecumenical Temple.
  1693 | D:5      | Reached skill level 5 in Conjurations
  1707 | Temple   | Entered the Ecumenical Temple
  1903 | Temple   | Became a worshipper of Sif Muna the Loreminder
  1926 | D:5      | Reached skill level 5 in Spellcasting
  2016 | D:5      | Reached XP level 6. HP: 41/41 MP: 3/13
  2906 | D:2      | Found a shattered altar of Ashenzari.
  3615 | D:3      | Reached * piety under Sif Muna
  4083 | D:4      | Found a basalt altar of Yredelemnul.
  4083 | D:4      | Found an opulent altar of Gozag.
  4517 | D:5      | Reached XP level 7. HP: 38/46 MP: 6/16
  5157 | D:6      | Reached ** piety under Sif Muna
  5187 | D:6      | Reached XP level 8. HP: 52/52 MP: 0/18
  5280 | D:6      | Noticed Edmund
  5418 | D:6      | Found a transporter.
  5482 | D:6      | Reached *** piety under Sif Muna
  5499 | D:6      | Killed Edmund
  5551 | D:6      | Found a transporter.
  6003 | D:7      | Reached XP level 9. HP: 54/57 MP: 0/21
  6087 | D:7      | HP: 2/57 [orc priest/divine providence (14)]
  6952 | D:7      | Reached **** piety under Sif Muna
  7651 | D:4      | Killed TheNamelessOne's ghost
  8072 | D:8      | Reached skill level 10 in Conjurations
  8075 | D:8      | Reached skill level 10 in Spellcasting
  8151 | D:8      | Noticed a two-headed ogre
  8174 | D:8      | Killed a two-headed ogre
  8174 | D:8      | Reached XP level 10. HP: 63/63 MP: 0/24
  8294 | D:8      | Got a brightly glowing helmet
  8393 | D:8      | Found a shadowy altar of Dithmenos.
  8445 | D:8      | Reached ***** piety under Sif Muna
  8445 | D:8      | Identified Himp's Tome of Entrancing Necromancy (Sif Muna gifted it to you on level 8 of the Dungeon)
  8445 | D:8      | Received a gift from Sif Muna
  8935 | D:9      | Slain by a troll

Vault maps used:
D:1:      dpeg_arrival_water_temple_mockup
D:2:      ashenzari_altar_1
D:4:      minmay_diamond_boxcup, gammafunk_temple_overflow_pools, first_ration,
          hellmonk_ghost_happy_afterlife
D:5:      temple_pool_b
D:6:      gammafunk_steamed_eel, uniq_edmund
D:8:      kennysheep_mini_moat, minmay_bent
D:9:      kiku_gazebo_pond_becter, erik_lair_orcish_takeover, the_bakery
Temple:   eino_narrow_crystal_temple

Skill      XL: |  1  2  3  4  5  6  7  8  9 |
---------------+----------------------------+-----
Spellcasting   | 3 4 5 6 7 8 10 | 10.8
Conjurations   | 4 5 6 7 8 10 | 10.8
Dodging        | |  1.5
Stealth        | |  1.5

Action                   |  1- 3 |  4- 6 |  7- 9 | 10-12 || total
-------------------------+-------+-------+-------+-------++-------
Melee: Mace              |    15 |    15 |       |       ||    30
       Short sword       |       |     4 |    47 |       ||    51
       Flail             |       |       |     4 |       ||     4
       Great sword       |       |       |       |     5 ||     5
 Cast: Magic Dart        |    18 |    34 |       |       ||    52
       Searing Ray       |     9 |    38 |       |       ||    47
       Iskenderun's Myst |       |    23 |   159 |    37 ||   219
Invok: Divine Energy     |       |     1 |       |       ||     1
  Use: Scroll            |     1 |     8 |     4 |     1 ||    14
Armor: Robe              |     8 |    18 |    15 |     1 ||    42
Dodge: Dodged            |    20 |    52 |    94 |    12 ||   178
       Rpst.: Great sword |       |       |       |     4 ||     4

Table legend:
 A = Non-vault XP
 B = Vault XP
 C = Vault XP percentage of total XP
 D = Non-vault monster count
 E = Vault monster count
 F = Vault count percentage of total count
 G = Total turns spent on level
                 A         B        C        D         E       F
            +---------+---------+-------+---------+---------+-------
      Total |    5669 |    1346 |  19.2 |     175 |      20 |  10.3
            +---------+---------+-------+---------+---------+-------
        D:1 |      41 |       0 |   0.0 |      22 |       0 |   0.0
        D:2 |      83 |       0 |   0.0 |      28 |       0 |   0.0
        D:3 |     123 |       0 |   0.0 |      19 |       0 |   0.0
        D:4 |     186 |     405 |  68.5 |       9 |       5 |  35.7
        D:5 |     636 |       0 |   0.0 |      15 |       0 |   0.0
        D:6 |    1366 |     269 |  16.5 |      34 |       3 |   8.1
        D:7 |    1491 |       3 |   0.2 |      35 |       1 |   2.8
        D:8 |    1734 |     415 |  19.3 |      11 |       7 |  38.9
        D:9 |       9 |     254 |  96.6 |       2 |       4 |  66.7
            +---------+---------+-------+---------+---------+-------
